 Dungeon Crawl Stone Soup version 0.27.1-1-g398f81649c (webtiles) character file.

Game seed: 12070811631173145220

665 chaosape the Skirmisher (level 7, 0/60 HPs)
             Began as a Gnoll Wanderer on Sept 5, 2021.
             Slain by a gnoll sergeant (14 damage)
             ... on level 5 of the Dungeon on Sept 6, 2021.
             The game lasted 00:29:29 (6511 turns).

chaosape the Skirmisher (Gnoll Wanderer)            Turns: 6511, Time: 00:29:29

Health: 0/60       AC: 11    Str: 10    XL:     7   Next: 57%
Magic:  0/10       EV:  9    Int: 15    God:
Gold:   293        SH:  0    Dex: 11    Spells: 11/11 levels left

rFire    . . .     SeeInvis .   a - +3 dagger
rCold    . . .     Faith    .   (no shield)
rNeg     . . .     Spirit   +   D - +0 chain mail
rPois    .         Reflect  .   c - +0 helmet
rElec    .         Harm     .   (no cloak)
rCorr    .         Rampage  .   y - +0 pair of gloves
Will     .....                  (no boots)
Stlth    ..........             p - amulet of guardian spirit
HPRegen  0.20/turn              t - +4 ring of evasion
MPRegen  0.12/turn              (no ring)

@: no status effects
A: fangs 1, strong nose, distributed training
a: no special abilities


You were on level 5 of the Dungeon.
You visited 1 branch of the dungeon, and saw 5 of its levels.

You collected 337 gold pieces.
You spent 44 gold pieces at shops.

Inventory:

Hand Weapons
 a - a +3 dagger (weapon)
 k - a +0 short sword
 F - a +1 dagger of freezing
Missiles
 l - 227 stones
 n - 22 sling bullets
 o - 105 arrows
 s - a throwing net
 u - 7 curare-tipped darts
 x - 13 poisoned darts
 z - 14 bolts
Armour
 c - a +0 helmet (worn)
 e - a +0 robe
 j - a +0 scale mail
 r - a +0 leather armour
 v - a +0 scale mail
 y - a +0 pair of gloves (worn)
 D - a +0 chain mail (worn)
Jewellery
 p - an amulet of guardian spirit (around neck)
 t - a +4 ring of evasion (left hand)
Wands
 h - a wand of polymorph (8)
 A - a wand of paralysis (7)
 E - a wand of iceblast (7)
 G - a wand of flame (5)
Scrolls
 g - 2 scrolls of blinking
 m - a scroll of enchant armour
 w - 2 scrolls of noise
 C - 2 scrolls of holy word
 H - a scroll of enchant weapon
 I - a scroll of vulnerability {unknown}
Potions
 b - 2 potions of haste
 f - a potion of curing
 i - 2 potions of flight {unknown}
 q - 2 potions of brilliance
 B - a potion of heal wounds {unknown}
Miscellaneous
 d - a piece from Xom's chessboard (15/15) (quivered)


   Skills:
 + Level 7.1 Fighting
 + Level 2.5 Short Blades
 + Level 2.5 Long Blades
 + Level 2.5 Axes
 + Level 2.5 Maces & Flails
 + Level 2.5 Polearms
 + Level 2.5 Staves
 + Level 2.5 Slings
 + Level 5.3 Bows
 + Level 2.5 Crossbows
 + Level 2.5 Throwing
 + Level 2.5 Armour
 + Level 2.5 Dodging
 + Level 3.5 Stealth
 + Level 2.5 Shields
 + Level 5.3 Unarmed Combat
 + Level 2.5 Spellcasting
 + Level 2.1 Conjurations
 + Level 2.1 Hexes
 + Level 2.1 Summonings
 + Level 2.1 Necromancy
 + Level 2.1 Translocations
 + Level 2.1 Transmutations
 + Level 2.1 Fire Magic
 + Level 2.1 Ice Magic
 + Level 2.1 Air Magic
 + Level 2.1 Earth Magic
 + Level 2.1 Poison Magic
 + Level 2.8 Invocations
 + Level 5.3 Evocations


You had 11 spell levels left.
You didn't know any spells.
Your spell library contained the following spells:

 Spells                   Type           Power      Damage    Failure   Level
 Iskenderun's Battlesphe  Conj           8%         2d6       100%        5
 Iron Shot                Conj/Erth      4%         9d2       100%        6
 Spellforged Servitor     Conj/Summ      4%         N/A       100%        7


Dungeon Overview and Level Annotations

Branches:
Dungeon (5/15)
 Temple: D:4-7

Altars:
Cheibriados
Fedhas
Okawaru
Qazlal
Ru
Trog

Shops:
D:3 ?=?*=


Innate Abilities, Weirdness & Mutations

You have very sharp teeth.
Your uncanny sense of smell can sniff out nearby items.
Your experience applies equally to all skills.


Message History

Okay, then.
Okay, then.
Aiming: Iceblast
Press: ? - help, Shift-Dir - straight line, f/p - gnoll sergeant
Aim: a gnoll sergeant, wielding a +7 antimagic spear and wearing a +0 scale mail The mass of ice explodes!
The iceblast engulfs the gnoll sergeant!
The gnoll sergeant is severely wounded.
The iceblast engulfs the gnoll!!
You kill the gnoll!
The iceblast engulfs the gnoll!!
You kill the gnoll!
The gnoll sergeant hits you but does no damage.
The gnoll sergeant barely misses you.
You hit the gnoll sergeant but do no damage.
The gnoll sergeant is severely wounded.
The gnoll sergeant hits you with a +7 antimagic spear!
* * * LOW HITPOINT WARNING * * *
You hit the gnoll sergeant but do no damage.
The gnoll sergeant is heavily wounded.
The gnoll sergeant barely misses you.
You barely miss the gnoll sergeant.
The gnoll sergeant is heavily wounded.
You closely miss the gnoll sergeant.
The gnoll sergeant is heavily wounded.
The gnoll sergeant barely misses you.
You hit the gnoll sergeant.
The gnoll sergeant is severely wounded.
The gnoll sergeant hits you but does no damage.
You hit the gnoll sergeant but do no damage.
You bite the gnoll sergeant, but do no damage.
The gnoll sergeant is severely wounded.
The gnoll sergeant barely misses you.
You hit the gnoll sergeant.
The gnoll sergeant is severely wounded.
The gnoll sergeant hits you but does no damage.
You closely miss the gnoll sergeant.
The gnoll sergeant is severely wounded.
The gnoll sergeant hits you with a +7 antimagic spear!
You die...

#.....#..........# ∆∆
#.....#..........#
#.....'..........#
#.....#'######'####
.#####.......).........#
.......................#
#.....#'###............#
#.....#...'....).......#
#.....#...#...)g@......#
#.....#...##########'###
#.....#...##..........#
####+##...##..........#
..........#...........#
..........+...........#
..........##....##....#
###..##...##....###+###
..#'###...##..........


You could see a gnoll sergeant.

Vanquished Creatures
  Sigmund (D:4)
  A necrophage (D:4)
  A bullfrog (D:4)
  A water moccasin skeleton (D:4)
  3 hounds
  A bullfrog skeleton (D:5)
  A hound skeleton (D:5)
  4 gnolls
  2 adders
  An adder skeleton (D:4)
  2 worms
  4 dart slugs
  6 orcs
  12 endoplasms
  3 giant cockroaches
  9 goblins
  6 hobgoblins
  10 jackals
  7 kobolds
  2 quokkas
  8 ball pythons
  3 bats
  3 frilled lizards (D:2)
  7 rats
98 creatures vanquished.

Notes
Turn   | Place    | Note
-------+----------+-------------------------------------------
     0 | D:1      | chaosape the Gnoll Wanderer began the quest for the Orb.
     0 | D:1      | chaosape set off with the following items: a +2 dagger, a
                  | potion of haste, a potion of lignification, a piece from
                  | Xom's chessboard (15/15), a +0 robe
     0 | D:1      | Reached XP level 1. HP: 23/23 MP: 1/1
   162 | D:1      | Upgraded the game from 0.27.1 to 0.27.1-1-g398f81649c
   175 | D:1      | Reached XP level 2. HP: 15/29 MP: 2/2
   179 | D:1      | Found a faded altar of an unknown god.
  1352 | D:2      | Reached XP level 3. HP: 15/35 MP: 1/3
  1957 | D:2      | Reached skill level 1 in Invocations
  2647 | D:2      | Reached skill level 1 in Short Blades
  2647 | D:2      | Reached skill level 1 in Long Blades
  2647 | D:2      | Reached skill level 1 in Axes
  2647 | D:2      | Reached skill level 1 in Maces & Flails
  2647 | D:2      | Reached skill level 1 in Polearms
  2647 | D:2      | Reached skill level 1 in Staves
  2647 | D:2      | Reached skill level 1 in Slings
  2647 | D:2      | Reached skill level 1 in Crossbows
  2647 | D:2      | Reached skill level 1 in Throwing
  2647 | D:2      | Reached skill level 1 in Armour
  2647 | D:2      | Reached skill level 1 in Dodging
  2647 | D:2      | Reached skill level 1 in Shields
  2647 | D:2      | Reached skill level 1 in Spellcasting
  2969 | D:2      | Reached XP level 4. HP: 39/41 MP: 3/5
  3332 | D:3      | Found a snail-covered altar of Cheibriados.
  3354 | D:3      | Reached skill level 1 in Conjurations
  3354 | D:3      | Reached skill level 1 in Hexes
  3354 | D:3      | Reached skill level 1 in Summonings
  3354 | D:3      | Reached skill level 1 in Necromancy
  3354 | D:3      | Reached skill level 1 in Translocations
  3354 | D:3      | Reached skill level 1 in Transmutations
  3354 | D:3      | Reached skill level 1 in Fire Magic
  3354 | D:3      | Reached skill level 1 in Ice Magic
  3354 | D:3      | Reached skill level 1 in Air Magic
  3354 | D:3      | Reached skill level 1 in Earth Magic
  3354 | D:3      | Reached skill level 1 in Poison Magic
  3538 | D:3      | Found Tyogyaha's Magic Scroll Shop.
  3545 | D:3      | Bought a scroll of identify for 22 gold pieces
  3545 | D:3      | Bought a scroll of identify for 22 gold pieces
  3548 | D:3      | Found a blossoming altar of Fedhas.
  3668 | D:3      | Found a sacrificial altar of Ru.
  3818 | D:3      | Reached XP level 5. HP: 36/47 MP: 4/6
  3850 | D:3      | Found Reycry's Magic Scroll Emporium.
  3861 | D:3      | Found Puuzacs's General Store.
  3865 | D:3      | Found Muthryesy's Jewellery Boutique.
  4120 | D:3      | Found Suykale's Jewellery Boutique.
  4509 | D:4      | Noticed a necrophage
  4536 | D:4      | Killed a necrophage
  4537 | D:4      | Reached XP level 6. HP: 15/53 MP: 3/8
  4851 | D:4      | Found a stormy altar of Qazlal.
  4984 | D:4      | Found an iron altar of Okawaru.
  5094 | D:4      | Reached skill level 5 in Bows
  5094 | D:4      | Reached skill level 5 in Unarmed Combat
  5094 | D:4      | Reached skill level 5 in Evocations
  5226 | D:4      | Found a bloodstained altar of Trog.
  5556 | D:4      | Noticed Sigmund
  5563 | D:4      | Killed Sigmund
  5564 | D:4      | Reached skill level 7 in Fighting
  5564 | D:4      | Reached XP level 7. HP: 21/60 MP: 3/10
  6019 | D:5      | Entered Level 5 of the Dungeon
  6511 | D:5      | Slain by a gnoll sergeant

Illustrated notes

Levels and vault maps discovered:
D:1:      sevenhm_arrival_forest_fort_large_4, layout_rooms,
          hellmonk_ecumenical_altar_blasted, serial_co_window_serial,
          co_window_paths_a, co_window_paths_a, co_window_paths_b,
          co_window_paths_b, co_window_paths_a, co_window_corner_ca,
          co_window_broadway_c, co_window_corner_b, glass_columns_c,
          glass_columns_a, glass_columns_c
D:2:      layout_basic
D:3:      layout_rooms, old_standard_altar, mainiacjoe_overflow_alcove_2,
          amcnicky_altar_gilded, serial_shops, nicolae_shop_trees,
          nicolae_shop_behind_doors, shop, nicolae_square_shop, shop,
          chequers_mini_garden
D:4:      layout_loops_corners, okawaru_altar_gauntlet_db, old_standard_altar,
          overflow_temple_1_default, grunt_tough_drop, uniq_sigmund
D:5:      layout_gridville, uniq_edmund, uniq_crazy_yiuf_cottage,
          uniq_blork_the_orc

Skill      XL: |  1  2  3  4  5  6  7 |
---------------+----------------------+-----
Invocations    | 1 2 |  2.8
Short Blades   | 1 2 |  2.5
Long Blades    | 1 2 |  2.5
Axes           | 1 2 |  2.5
Maces & Flails | 1 2 |  2.5
Polearms       | 1 2 |  2.5
Staves         | 1 2 |  2.5
Slings         | 1 2 |  2.5
Crossbows      | 1 2 |  2.5
Throwing       | 1 2 |  2.5
Armour         | 1 2 |  2.5
Dodging        | 1 2 |  2.5
Shields        | 1 2 |  2.5
Spellcasting   | 1 2 |  2.5
Conjurations   | 1 2 |  2.1
Hexes          | 1 2 |  2.1
Summonings     | 1 2 |  2.1
Necromancy     | 1 2 |  2.1
Translocations | 1 2 |  2.1
Transmutations | 1 2 |  2.1
Fire Magic     | 1 2 |  2.1
Ice Magic      | 1 2 |  2.1
Air Magic      | 1 2 |  2.1
Earth Magic    | 1 2 |  2.1
Poison Magic   | 1 2 |  2.1
Stealth        | 3 |  3.5
Bows           | 5 |  5.3
Unarmed Combat | 5 |  5.3
Evocations     | 5 |  5.3
Fighting       | 7 |  7.1

Action                   |  1- 3 |  4- 6 |  7- 9 || total
-------------------------+-------+-------+-------++-------
Melee: Dagger            |   182 |   272 |    52 ||   506
       Punch             |     4 |     5 |     2 ||    11
       Bite              |     9 |    22 |     3 ||    34
Throw: Stone             |     2 |       |       ||     2
       Dart              |       |     1 |       ||     1
Evoke: Piece from Xom's  |     1 |       |       ||     1
       Wand              |       |       |     4 ||     4
  Use: Potion            |     1 |       |     1 ||     2
       Scroll            |       |     9 |     1 ||    10
 Stab: Sleeping          |     4 |       |       ||     4
       Distracted        |     1 |       |       ||     1
Armor: Robe              |    13 |       |       ||    13
       Skin              |    36 |       |       ||    36
       Leather armour    |    24 |     7 |       ||    31
       Scale mail        |       |    44 |       ||    44
       Chain mail        |       |    17 |    34 ||    51
Dodge: Dodged            |    98 |   153 |    27 ||   278
